 Dungeon Crawl Stone Soup version 0.18-a0-23-g19353e1 (webtiles) character file.

121 Nopony the Magician (level 4, 0/24 HPs)
             Began as a Deep Elf Wizard on Nov 2, 2015.
             Was an Initiate of Qazlal.
             Killed from afar by an orc wizard (11 damage)
             ... with a puff of flame
             ... on level 3 of the Dungeon.
             The game lasted 00:18:15 (2572 turns).

Nopony the Magician (Deep Elf Wizard)               Turns: 2572, Time: 00:18:15

Health: 0/24       AC:  3    Str:  4    XL:     4   Next: 76%
Magic:  3/13       EV: 14    Int: 24    God:    Qazlal [......]
Gold:   89         SH:  0    Dex: 13    Spells: 4 memorised, 6 levels left

rFire  . . .     SeeInvis .     (no weapon)
rCold  . . .     Clarity  .     a - +1 robe
rNeg   . . .     SustAt   .     (no shield)
rPois  .         Gourm    .     b - +0 hat
rElec  .         Spirit   .     (no cloak)
rCorr  .         Warding  .     (no gloves)
rMut   .         Stasis   .     (no boots)
MR     .....                    (no amulet)
Stlth  ++........               (no ring)
                                t - +1 ring of evasion

@: not resistant to hostile enchantments, unstealthy
A: no striking features
a: Renounce Religion


You were on level 3 of the Dungeon.
You worshipped Qazlal.
Qazlal was noncommittal.
You were not hungry.

You visited 1 branch of the dungeon, and saw 3 of its levels.

You collected 89 gold pieces.

Inventory:

Hand Weapons
 o - a +1 spear
Missiles
 e - 44 arrows
 j - 14 poisoned needles
 p - 30 sling bullets
Armour
 a - a +1 robe (worn)
 b - a +0 hat (worn)
 k - a +1 leather armour of positive energy
Jewellery
 t - a +1 ring of evasion (left hand)
Scrolls
 l - 2 scrolls of identify
 m - a scroll of remove curse {unknown}
 q - 2 scrolls of teleportation {unknown}
Potions
 f - 2 potions of curing {unknown}
 g - 2 potions of brilliance {unknown}
 h - a potion of might {unknown}
 n - a potion of agility {unknown}
 r - a potion of cure mutation {unknown}
Books
 c - a book of Minor Magic

   Spells                             Type                      Level
   a - Magic Dart                     Conjuration                  1
   b - Blink                          Translocation                2
   c - Call Imp                       Summoning                    2
   d - Repel Missiles                 Charms/Air                   2
   e - Slow                           Hexes                        2
   f - Conjure Flame                  Conjuration/Fire             3
   g - Mephitic Cloud                 Conjuration/Poison/Air       3
Comestibles
 d - 2 bread rations
 i - a meat ration


   Skills:
 - Level 2.7 Dodging
 + Level 2.9 Stealth
 + Level 5.8 Spellcasting
 * Level 2.4 Conjurations
 * Level 2.3 Summonings
 + Level 1.1 Translocations
 * Level 0.6 Air Magic
 + Level 0.4 Poison Magic


You had 6 spell levels left.
You knew the following spells:

 Your Spells              Type           Power        Failure   Level  Hunger
a - Magic Dart            Conj           ###.         3%          1    None
b - Blink                 Tloc           N/A          10%         2    None
c - Call Imp              Summ           ###.....     6%          2    None
d - Mephitic Cloud        Conj/Pois/Air  ##......     17%         3    #......


Dungeon Overview and Level Annotations

Branches:
Dungeon (3/15)

Altars:
Fedhas
Nemelex Xobeh
Qazlal
Ru


Message History

Your crimson imp barely misses the orc.
Your crimson imp blinks!
You see here a tomahawk.
What do you say? t - Shout!
Orders for allies: a - Attack new target. p - Attack previous target. r - Retreat! s - Stop attacking. w - Wait here. f - Follow me.
Anything else - Stay silent.
Gang up on whom?
Press: ? - help, Dir - move target cursor, f - orc wizard, p - orc
Aim: an orc wizard, wielding a dagger and wearing a robe (fast) Attack!
The orc wizard points at you and mumbles some strange words.
The puff of frost hits you!
The orc hits something but does no damage.
You see here a tomahawk.
The orc wizard casts a spell at you. The puff of flame hits you!
You die...

.. '####### #...#...
#...#.. .).... ..
###5_.### ...
#..o5...#######... ..
#o..#......... # #.#
#((@#.........
#.#.'#######'.........
#.#....# #............
#......# #.†..........
#......# #.††.......#.
#....(.####.........#
#.....................
#).....####.[.........
#.)....# ##.######...


You could see an orc wizard, an orc and 2 friendly crimson imps.

Vanquished Creatures
  4 adders
  A gnoll (D:3)
  An ooze (D:1)
  An orc (D:3)
  7 bats
  A giant cockroach (D:2)
  5 hobgoblins
  5 kobolds
  A ball python (D:2)
  3 giant newts
  3 goblins
  6 rats
38 creatures vanquished.

Vanquished Creatures (collateral kills)
  An orc wizard (D:3)
  3 gnolls (D:3)
  An adder (D:3)
  A worm (D:2)
  2 hobgoblins (D:1)
  3 goblins
  3 kobolds
14 creatures vanquished.

Grand Total: 52 creatures vanquished

Notes
Turn   | Place    | Note
--------------------------------------------------------------
     0 | D:1      | Nopony the Deep Elf Wizard began the quest for the Orb.
     0 | D:1      | Reached XP level 1. HP: 10/10 MP: 7/7
   242 | D:1      | Reached XP level 2. HP: 3/15 MP: 0/9
   321 | D:1      | Learned a level 2 spell: Blink
   324 | D:1      | Learned a level 2 spell: Call Imp
   494 | D:1      | Reached skill level 5 in Spellcasting
   849 | D:1      | Reached XP level 3. HP: 6/19 MP: 2/11
  1036 | D:2      | Found a sparkling altar of Nemelex Xobeh.
  1067 | D:2      | Found a blossoming altar of Fedhas.
  1108 | D:2      | Found a stormy altar of Qazlal.
  1118 | D:2      | Became a worshipper of Qazlal Stormbringer
  2200 | D:3      | Learned a level 3 spell: Mephitic Cloud
  2251 | D:3      | Reached XP level 4. HP: 18/24 MP: 4/13
  2547 | D:3      | Found a sacrificial altar of Ru.
  2572 | D:3      | Killed from afar by an orc wizard

Vault maps used:
D:1:      dpeg_arrival_lava_altar
D:2:      nicolae_overflow_crystal_walls,
          grunt_temple_overflow_forces_of_nature, first_bread
D:3:      nicolae_ru_great_annihilating_truth, ashenzari_conservatory_becter

Action                   |  1- 3 |  4- 6 || total
-------------------------+-------+-------++-------
Melee: Unarmed           |     2 |       ||     2
 Cast: Magic Dart        |    63 |    28 ||    91
       Call Imp          |    19 |     3 ||    22
       Mephitic Cloud    |     1 |     1 ||     2
  Use: Scroll            |     5 |       ||     5
  Eat: Meat ration       |     1 |       ||     1
